 Dungeon Crawl Stone Soup version 0.28.0-53-g5a82cb258f (webtiles) character file.

Game seed: 3097858180777640412

46 Martska the Grasshopper (level 3, -3/28 HPs)
             Began as a Human Warper on June 24, 2022.
             Slain by a kobold
             ... wielding a +0 short sword
              (5 damage)
             ... on level 1 of the Dungeon.
             The game lasted 00:02:09 (2434 turns).

Martska the Grasshopper (Human Warper)              Turns: 2434, Time: 00:02:09

Health: -3/28      AC:  3    Str: 13    XL:     3   Next: 92%
Magic:  6/6        EV: 12    Int: 13    God:
Gold:   25         SH:  0    Dex: 12    Spells: 6/6 levels left

rFire   . . .      SeeInvis .   a - +0 spear
rCold   . . .      Faith    .   (no shield)
rNeg    . . .      Spirit   .   b - +0 leather armour
rPois   .          Reflect  .   (no helmet)
rElec   .          Harm     .   (no cloak)
rCorr   .          Rampage  .   (no gloves)
Will    .....                   (no boots)
Stlth   +.........              (no amulet)
HPRegen 0.09/turn               (no ring)
MPRegen 0.10/turn               (no ring)

@: no status effects
A: no striking features
a: no special abilities


You were on level 1 of the Dungeon.
You visited 1 branch of the dungeon, and saw 2 of its levels.

You collected 25 gold pieces.

Inventory:

Hand Weapons
 a - a +0 spear (weapon)
Missiles
 d - 5 boomerangs of dispersal (quivered)
Armour
 b - a +0 leather armour (worn)
Scrolls
 c - a scroll of blinking
 g - 2 scrolls of fear {unknown}
 h - a scroll of identify {unknown}
 j - a scroll of teleportation {unknown}
Potions
 e - a potion of degeneration {unknown}
 f - a potion of haste {unknown}
 i - a potion of curing {unknown}


   Skills:
 * Level 2.7 Fighting
 * Level 2.7 Polearms
 - Level 1.0 Throwing
 - Level 1.0 Armour
 * Level 2.7 Dodging
 - Level 2.0 Spellcasting
 - Level 3.0 Translocations


You had 6 spell levels left.
You didn't know any spells.
Your spell library contained the following spells:

 Spells                   Type           Power      Damage    Failure   Level
 Blink                    Tloc           18%        N/A       14%         2
 Gell's Gravitas          Tloc           9%         N/A       28%         3
 Lesser Beckoning         Tloc           9%         N/A       28%         3
 Teleport Other           Tloc           9%         N/A       28%         3
 Magic Dart               Conj           4%         1d3       32%         1
 Searing Ray              Conj           2%         2d4       43%         2
 Stone Arrow              Conj/Erth      2%         3d7       67%         3
 Manifold Assault         Tloc           9%         N/A       95%         5
 Animate Armour           Summ/Erth      2%         N/A       97%         4
 Fulminant Prism          Conj/Hex       0%         3d6       97%         4
 Lehudib's Crystal Spear  Conj/Erth      0%         10d2      100%        8


Dungeon Overview and Level Annotations

Branches:
Dungeon (2/15)

Altars:


Message History

You hit the gnoll.
The gnoll is moderately wounded.
The gnoll hits you but does no damage. x2
Reach: a) +0 spear
Press: ? - help, Dir - move target, f/p - gnoll
Aim: a gnoll, wielding a +0 club (moderately wounded, about 35% to evade your +0 spear)
You barely miss the gnoll.
The gnoll is moderately wounded.
The gnoll misses you. The gnoll hits you with a +0 club.
* * * LOW HITPOINT WARNING * * *
Reach: a) +0 spear
Press: ? - help, Dir - move target, f/p - gnoll
Aim: a gnoll, wielding a +0 club (moderately wounded, about 35% to evade your +0 spear)
You barely miss the gnoll.
The gnoll is moderately wounded.
The gnoll hits you from afar with a +0 spear.
* * * LOW HITPOINT WARNING * * *
The gnoll closely misses you.
Blink to where?
Press: ? - help, Dir - move target, p - gnoll
As you read the scroll of blinking, it crumbles to dust.
A kobold comes into view. It is wielding a +0 short sword.
The kobold shouts!
The kobold barely misses you. The kobold hits you but does no damage.
There is a stone staircase leading up here.
The kobold hits you with a +0 short sword.
* * * LOW HITPOINT WARNING * * *
You climb upwards.
There is a stone staircase leading down here.
You miss the kobold.
The kobold hits you with a +0 short sword.
* * * LOW HITPOINT WARNING * * *
You hit the kobold.
The kobold is moderately wounded.
The kobold closely misses you.
You hit the kobold.
The kobold is severely wounded.
The kobold hits you with a +0 short sword.
You die...

#.# #.###.## # #.#
#.# ### # #.# #.#
# #.# #.# # #.#
#.# # #.# ####.# #
#.#
#....###########
#.#
###...............
#.#
#@.....#..........
#.#
#K##.###.#########
#.# #.##.# #.#
###### #.# #.##.#
#.# #.....
#.###.##.# #.#
#.#### #...)....#
#.####.####
#####.####
#.#........
#.######..........
#...^.####.##.####


You could see a kobold.

Vanquished Creatures
  An adder (D:2)
  3 dart slugs (D:1)
  A bat (D:1)
  3 endoplasms (D:1)
  4 goblins (D:1)
  4 hobgoblins (D:1)
  A jackal (D:1)
  2 quokkas (D:1)
  2 ball pythons (D:1)
  2 frilled lizards (D:1)
  2 kobolds
  3 rats (D:1)
28 creatures vanquished.

Notes
Turn   | Place    | Note
-------+----------+-------------------------------------------
     0 | D:1      | Martska the Human Warper began the quest for the Orb.
     0 | D:1      | Reached XP level 1. HP: 16/16 MP: 3/3
   227 | D:1      | Reached XP level 2. HP: 7/22 MP: 5/5
  1025 | D:1      | Reached XP level 3. HP: 27/28 MP: 6/6
  2434 | D:1      | Slain by a kobold

Illustrated notes

Levels and vault maps discovered:
D:1:      dpeg_cavernosity, layout_loops_ring
D:2:      layout_basic, shapermc_ecumenical_altar_rom_forum, uniq_jessica

Action                   || total
-------------------------++-------
Melee: Spear             ||   126
       Punch             ||     1
  Use: Scroll            ||     1
 Stab: Sleeping          ||     3
Armor: Leather armour    ||    23
Dodge: Dodged            ||    59
